AoeStats
← ARV-070

Black Forest

512550737Analyzed
3v3 RM · 8d ago on Oct 10, 2026· 95m 58s· 6 players
Game mode
Random Map
Map size
Normal (6 player)
Population
200
Speed
Normal
Resources
Standard
Victory
Conquest
Starting age
Dark Age
Ending age
Imperial Age
RankedLock teamsTeams togetherTeam positionsShared explorationLock speedFull tech treeHidden civsTurbo modeCheats
Victory
Defeat
🇨🇴 Aztecs · Colombia
758
+14
🇨🇴 Portuguese · Colombia
757
+14
🇺🇸 Turks · United States
716
+14
vs
🇺🇸 Italians · United States
705
-14
🇺🇸 Franks · United States
705
-14
🇺🇸 Britons · United States
699
-14
joshsnodyg
0:39 Loom
13:55 Feudal Age
16:16 Horse Collar
17:46 Double-Bit Axe
24:47 Castle Age
22:56 Gold Mining
23:03 Stone Mining
26:14 Bow Saw
34:19 Imperial Age
33:39 Wheelbarrow
33:20 Caravan
34:36 Hand Cart
36:16 Ballistics
36:15 Fortified Wall
37:57 Heavy Plow
38:45 Elite Janissary
39:30 Artillery
40:14 Gold Shaft Mining
40:16 Murder Holes
40:55 Bloodlines
40:48 Husbandry
40:44 Fletching
43:30 Conscription
43:47 Hoardings
46:18 Padded Archer Armor
46:16 Bodkin Arrow
46:31 Forging
46:30 Scale Barding Armor
47:09 Town Watch
49:12 Two-Man Saw
50:39 Masonry
50:09 Treadmill Crane
50:58 Chain Barding Armor
50:54 Leather Archer Armor
51:15 Iron Casting
53:47 Ring Archer Armor
53:18 Scale Mail Armor
57:28 Bombard Tower
57:39 Architecture
61:10 Plate Barding Armor
94:28 Spies/Treason
mr.falla2016
0:33 Loom
14:16 Feudal Age
19:17 Castle Age
17:49 Horse Collar
17:58 Double-Bit Axe
19:46 Gold Mining
19:47 Stone Mining
21:49 Bow Saw
21:52 Heavy Plow
24:26 Wheelbarrow
24:45 Caravan
27:27 Stone Shaft Mining
27:31 Gold Shaft Mining
28:25 Scale Mail Armor
28:35 Forging
28:14 Treadmill Crane
28:29 Murder Holes
28:46 Fortified Wall
30:10 Hand Cart
31:18 Iron Casting
30:59 Chain Mail Armor
35:53 Imperial Age
36:13 Ballistics
35:44 Heated Shot
35:55 Padded Archer Armor
35:46 Fletching
35:36 Eagle Warrior
35:37 Pikeman
36:17 Squires
36:09 Town Watch
36:41 Atlatl
37:13 Arson
38:04 Town Patrol
38:45 Conscription
37:57 Sappers
38:48 Garland Wars
38:05 Elite Eagle Warrior
40:50 Chemistry
39:57 Siege Engineers
40:04 Siege Engineers
40:32 Crop Rotation
40:11 Capped Ram
41:53 Coinage
41:29 Siege Ram
44:57 Blast Furnace
44:27 Plate Mail Armor
56:33 Elite Jaguar Warrior
66:31 Bodkin Arrow
66:56 Leather Archer Armor
79:14 Banking
83:10 Banking
93:54 Bracer
93:53 Onager
94:30 Guard Tower
94:26 Arrowslits
95:01 Shipwright
94:52 Clinker Construction
94:53 Careening
ARV-070
1:47 Loom
13:23 Feudal Age
16:38 Double-Bit Axe
17:38 Wheelbarrow
18:15 Horse Collar
21:58 Castle Age
23:40 Hand Cart
23:15 Town Watch
25:29 Bow Saw
25:21 Heavy Plow
25:13 Gold Mining
27:56 Stone Mining
29:55 Stone Shaft Mining
34:27 Imperial Age
32:47 Town Patrol
35:44 Crop Rotation
36:16 Two-Man Saw
36:19 Forging
36:10 Scale Mail Armor
36:01 Fletching
36:37 Ballistics
37:19 Chemistry
36:01 Treadmill Crane
37:23 Conscription
38:34 Iron Casting
38:14 Chain Mail Armor
37:56 Bodkin Arrow
40:12 Heated Shot
40:17 Murder Holes
40:27 Siege Engineers
40:33 Masonry
40:55 Plate Mail Armor
40:25 Bracer
41:26 Blast Furnace
40:35 Scale Barding Armor
41:18 Arson
41:19 Gambesons
40:54 Pikeman
42:18 Caravan
42:49 Coinage
42:30 Guilds
43:59 Arquebus
43:32 Sappers
44:25 Halberdier
45:07 Padded Archer Armor
45:27 Chain Barding Armor
47:30 Leather Archer Armor
47:51 Plate Barding Armor
48:52 Ring Archer Armor
49:23 Fortified Wall
49:44 Architecture
57:41 Elite Organ Gun
61:47 Husbandry
61:57 Bloodlines
61:08 Cavalier
94:04 Spies/Treason
95:16 Careening
95:17 Clinker Construction
95:12 Siphons
94:58 Guard Tower
95:28 Bombard Tower
95:43 Banking
95:20 Circumnavigation
94:44 Light Cavalry
94:45 Man-at-Arms
94:47 Capped Ram
94:49 Onager
96:35 Thumb Ring
TheGreatDave
0:27 Loom
13:37 Feudal Age
15:05 Wheelbarrow
15:41 Double-Bit Axe
18:29 Man-at-Arms
26:26 Castle Age
28:12 Bow Saw
30:11 Hand Cart
30:17 Caravan
32:01 Stone Mining
32:02 Gold Mining
37:29 Imperial Age
35:19 Forging
35:15 Scale Barding Armor
36:25 Town Watch
37:07 Chain Barding Armor
37:23 Iron Casting
36:49 Scale Mail Armor
37:23 Husbandry
39:11 Cavalier
39:56 Chivalry
40:18 Conscription
41:29 Blast Furnace
41:05 Plate Barding Armor
40:46 Chain Mail Armor
42:18 Town Patrol
42:33 Elite Throwing Axeman
44:51 Chemistry
44:04 Fortified Wall
44:41 Paladin
50:58 Gambesons
50:34 Long Swordsman
51:14 Squires
51:00 Arson
52:45 Two-Handed Swordsman
53:24 Champion
60:56 Plate Mail Armor
69:18 Light Cavalry
RzrBkFan
0:35 Loom
15:19 Feudal Age
16:52 Horse Collar
17:00 Double-Bit Axe
25:45 Castle Age
24:09 Gold Mining
26:32 Stone Mining
27:19 Gold Shaft Mining
27:04 Bow Saw
26:57 Heavy Plow
27:37 Wheelbarrow
27:26 Padded Archer Armor
29:02 Caravan
31:00 Fortified Wall
36:29 Imperial Age
36:18 Leather Archer Armor
35:54 Fletching
36:30 Ballistics
39:20 Yeomen
40:36 Elite Longbowman
43:00 Ring Archer Armor
42:25 Bodkin Arrow
43:43 Chemistry
44:09 Warwolf
44:40 Masonry
47:07 Bracer
48:09 Two-Man Saw
48:47 Murder Holes
55:59 Arrowslits
62:20 Hand Cart
79:21 Architecture
78:31 Treadmill Crane
78:57 Siege Engineers
78:42 Guard Tower
79:04 Clinker Construction
78:57 Scale Mail Armor
79:04 Scale Barding Armor
79:10 Forging
MGTEMPS1
0:34 Loom
12:58 Feudal Age
14:47 Wheelbarrow
14:03 Double-Bit Axe
14:01 Horse Collar
15:35 Stone Mining
17:28 Gold Mining
22:36 Castle Age
21:53 Scale Mail Armor
22:06 Forging
25:32 Chain Mail Armor
25:54 Iron Casting
25:55 Hand Cart
27:16 Stone Shaft Mining
26:52 Caravan
27:27 Bow Saw
33:41 Silk Road
33:42 Fletching
33:53 Padded Archer Armor
34:07 Fortified Wall
36:46 Imperial Age
36:19 Bodkin Arrow
36:40 Leather Archer Armor
36:56 Elite Genoese Crossbowman
38:08 Conscription
40:00 Squires
39:46 Arson
41:06 Blast Furnace
40:37 Ring Archer Armor
40:08 Bracer
40:38 Plate Mail Armor
41:24 Chemistry
40:45 Ballistics
53:25 Onager
Connection lost

Rejoining the realm…

Still unreachable

The connection could not be restored.

Session expired

The server has moved on; the page needs a fresh start.